 Dungeon Crawl Stone Soup version 0.23.0 (webtiles) character file.

Game seed: 9865176819088299446

84 KamiKatze the Shield-Bearer (level 4, -9/40 HPs)
             Began as a Hill Orc Fighter on Feb 8, 2019.
             Mangled by an ogre
             ... wielding a +0 giant club
              (12 damage)
             ... on level 2 of the Dungeon.
             The game lasted 00:04:51 (971 turns).

KamiKatze the Shield-Bearer (Hill Orc Fighter)       Turns: 971, Time: 00:04:52

Health: -9/40      AC:  8    Str: 19    XL:     4   Next: 46%
Magic:  4/4        EV:  7    Int:  8    God:
Gold:   60         SH:  9    Dex: 10    Spells: 3/3 levels left

rFire    . . .     SeeInvis .   a - +0 war axe
rCold    . . .     Gourm    .   c - +0 shield
rNeg     . . .     Faith    .   b - +0 scale mail
rPois    .         Spirit   .   m - +0 helmet
rElec    .         Reflect  .   (no cloak)
rCorr    .         Harm     .   (no gloves)
MR       .....                  (no boots)
Stlth    ..........             (no amulet)
HPRegen  0.13/turn              (no ring)
MPRegen  0.09/turn              (no ring)

@: no status effects
A: no striking features
a: no special abilities


You were on level 2 of the Dungeon.
You were not hungry.

You visited 1 branch of the dungeon, and saw 2 of its levels.

You collected 60 gold pieces.

Inventory:

Hand Weapons
 a - a +0 war axe (weapon)
Missiles
 l - 49 stones (quivered)
Armour
 b - a +0 scale mail (worn)
 c - a +0 shield (worn)
 m - a +0 helmet (worn)
Scrolls
 e - a scroll of fog {unknown}
 g - a scroll of remove curse {unknown}
 h - a scroll of identify
 i - a scroll of enchant armour {unknown}
 k - a scroll of amnesia {unknown}
 p - a scroll of random uselessness {unknown}
Potions
 d - a potion of might
 n - a potion of flight
 o - a potion of magic
 q - a potion of invisibility {unknown}
Comestibles
 f - 2 rations
 j - 12 chunks of flesh


   Skills:
 + Level 4.0 Fighting
 * Level 3.8 Axes
 + Level 3.7 Armour
 + Level 1.0 Dodging
 * Level 4.1 Shields


You had 3 spell levels left.
You didn't know any spells.
Your spell library was empty.

Dungeon Overview and Level Annotations

Branches:
Dungeon (2/15)

Altars:
Trog

Annotations:
D:2 2 transporters


Message History

The ogre is moderately wounded.
The ogre hits you with a +0 giant club!
You hit the ogre but do no damage.
The ogre is moderately wounded.
The ogre hits you with a +0 giant club!!
Ouch! That really hurt!
* * * LOW HITPOINT WARNING * * *
You hit the ogre.
The ogre is moderately wounded.
You block the ogre's attack.
You slash the ogre!
The ogre is severely wounded.
You block the ogre's attack.
You closely miss the ogre.
The ogre is severely wounded.
You block the ogre's attack.
You hit the ogre.
The ogre is almost dead.
The ogre hits you with a +0 giant club!
You die...

#####.## #.........#
#......... ....#.#
#......#### ##....#...
###...## ##.###..#
#.##.....
..##.O.###..#....######
#..#####.
#.##............).....#
##.......
#...>..##...####.####.#
######..
######.........#.#
..##### #.....####..O##
##...... #.#.#.#
###@.#### #.....##
......#.#.#
#.....#####.### #
...O..#.#.#
#.###.......#
........#.# #.#
#####...######
......##..# #.#
##...#..)....
......##..# #.#
##..#########.
)........## #.###..##
## .....#.#.# #.##..##
.......#.# ##.##.##


You could see an ogre.

Vanquished Creatures
  2 adders (D:2)
  An ooze (D:1)
  3 worms (D:2)
  2 dart slugs
  A leopard gecko (D:1)
  A giant cockroach (D:1)
  8 goblins
  8 hobgoblins
  4 jackals (D:1)
  2 bats
  4 frilled lizards
  7 kobolds
  7 rats
50 creatures vanquished.

Notes
Turn   | Place    | Note
-------+----------+-------------------------------------------
     0 | D:1      | KamiKatze the Hill Orc Fighter began the quest for the Orb.
     0 | D:1      | Reached XP level 1. HP: 19/19 MP: 1/1
    81 | D:1      | Reached XP level 2. HP: 27/27 MP: 2/2
   292 | D:1      | Reached XP level 3. HP: 28/33 MP: 3/3
   636 | D:2      | Noticed a crocodile
   638 | D:2      | Found a bloodstained altar of Trog.
   638 | D:2      | Found a transporter.
   641 | D:2      | Noticed a scorpion
   641 | D:2      | Noticed a phantom
   645 | D:2      | Found a transporter.
   685 | D:2      | Reached XP level 4. HP: 29/40 MP: 4/4
   833 | D:2      | Reached skill level 1 in Dodging
   915 | D:2      | Noticed an ogre
   971 | D:2      | Mangled by an ogre

Skill      XL: |  1  2  3  4 |
---------------+-------------+-----
Axes           | 3 |  3.8
Shields        | 4 |  4.1
Fighting       | 4 |  4.0
Dodging        | 1 |  1.0
Armour         | |  3.7

Action                   |  1- 3 |  4- 6 || total
-------------------------+-------+-------++-------
Melee: War axe           |    99 |    41 ||   140
  Use: Scroll            |     2 |       ||     2
  Eat: Chunk             |       |     1 ||     1
Armor: Scale mail        |    51 |     8 ||    59
Dodge: Dodged            |    44 |     4 ||    48
Block: Shield            |    65 |    26 ||    91
